 Dungeon Crawl Stone Soup version 0.30-a0-777-ga9a30cb (webtiles) character file.

Game seed: 13323886361892094465

21574 malesh the Earth Mage (level 12, -4/67 HPs)
             Began as a Gargoyle Earth Elementalist on Feb 13, 2023.
             Was an Elder of Sif Muna.
             Hit by a large rock thrown by a cyclops (31 damage)
             ... on level 11 of the Dungeon on Feb 14, 2023.
             The game lasted 01:28:55 (14172 turns).

malesh the Earth Mage (GrEE)                       Turns: 14172, Time: 01:28:56

Health: -4/67      AC: 20    Str: 12    XL:     12   Next: 91%
Magic:  25/28      EV: 12    Int: 21    God:    Sif Muna [****..]
Gold:   750        SH:  4    Dex: 10    Spells: 20/35 levels left

rFire   . . .      SeeInvis .    b - +3 mace (heavy)
rCold   . . .      Faith    .    x - +0 buckler
rNeg    + . .      Spirit   .    y - +0 steam dragon scales
rPois   ∞          Reflect  .    K - +0 hat
rElec   +          Harm     .    H - +0 cloak
rCorr   .          Rampage  .    I - +2 pair of gloves
Will    +....                    v - +2 pair of boots
Stlth   ++                       l - amulet of regeneration
HPRegen 1.11/turn                F - ring of willpower
MPRegen 0.21/turn                (no ring)

@: no status effects
A: sickness immunity, AC +8, negative energy resistance 1, electricity
resistance, torment resistance 1, petrification resistance
a: Renounce Religion, Channel Magic, Forget Spell, Divine Exegesis


You were on level 11 of the Dungeon.
You worshipped Sif Muna.
Sif Muna was greatly pleased with you.
You visited 3 branches of the dungeon, and saw 14 of its levels.

You collected 1002 gold pieces.
You spent 252 gold pieces at shops.

Inventory:

Hand Weapons
 a - a +1 whip of freezing
 b - a +3 heavy mace (weapon)
 G - the +7 dire flail of Suireif {flame, rF+ Dex+3 SInv}
   (You found it on level 9 of the Dungeon)

   Dex:       It affects your dexterity (+3).
   rF:        It protects you from fire.
   SInv:      It lets you see invisible.
 J - a +0 heavy morningstar
Missiles
 s - a throwing net
Armour
 v - a +2 pair of boots (worn)
 x - a +0 buckler (worn)
 y - +0 steam dragon scales (worn)
 C - a +0 robe of cold resistance
 H - a +0 cloak (worn)
 I - a +2 pair of gloves (worn)
 K - a +0 hat (worn)
Jewellery
 l - an amulet of regeneration (around neck)
 r - a ring of fire
 F - a ring of willpower (left hand)
Wands
 o - a wand of mindburst (14)
 w - a wand of iceblast (17)
 D - a wand of digging (5)
 L - a wand of charming (5)
Scrolls
 e - 4 scrolls of magic mapping
 f - 3 scrolls of teleportation
 i - 2 scrolls of enchant weapon
 j - a scroll of fear
 k - 2 scrolls of poison
 m - 2 scrolls of fog {unknown}
 n - a scroll of enchant armour
 p - a scroll of silence
 u - 2 scrolls of vulnerability
 B - a scroll of brand weapon
 N - 2 scrolls of identify
Potions
 c - 11 potions of curing
 d - a potion of haste
 g - 3 potions of might
 h - 4 potions of heal wounds
 q - a potion of invisibility {unknown}
 t - 2 potions of flight {unknown}
 z - a potion of cancellation {unknown}
 A - a potion of berserk rage
 E - a potion of attraction {unknown}
 M - a potion of lignification {unknown}


   Skills:
 + Level 4.5 Fighting
 + Level 4.6 Dodging
 - Level 3.0 Stealth
 + Level 4.4 Shields
 + Level 12.4 Spellcasting
 + Level 3.1 Conjurations
 + Level 0.6 Summonings
 + Level 3.5 Transmutations
 + Level 16.0 Earth Magic


You had 20 spell levels left.
You knew the following spells:

 Your Spells              Type           Power      Damage    Failure   Level
a - Sandblast             Erth           100%       2d20      0%          1
b - Passwall              Tmut/Erth      43%        N/A       1%          2
c - Stone Arrow           Conj/Erth      100%       3d13      1%          3
d - Petrify               Tmut/Erth      52%        N/A       1%          4
e - Magic Dart            Conj           100%       1d8       1%          1
f - Animate Armour        Summ/Erth      96%        N/A       1%          4

Your spell library contained the following spells:

 Spells                   Type           Power      Damage    Failure   Level
 Summon Small Mammal      Summ           60%        N/A       4%          1
 Apportation              Tloc           26%        N/A       6%          1
 Necrotise                Necr           52%        1d6       6%          1
 Dazzling Flash           Conj/Hex       38%        N/A       10%         3
 Hailstorm                Conj/Ice       19%        3d6       10%         3
 Tukima's Dance           Hex            13%        N/A       19%         3
 Ice Form                 Ice/Tmut       20%        N/A       30%         4
 Iskenderun's Mystic Bla  Conj/Tloc      19%        2d6       32%         4
 Irradiate                Conj/Tmut      13%        3d16      41%         5
 Passage of Golubria      Tloc           13%        N/A       54%         4
 Yara's Violent Unravell  Hex/Tmut       10%        3d6       65%         5
 Starburst                Conj/Fire      9%         6d5       99%         6
 Simulacrum               Ice/Necr       6%         N/A       100%        6
 Lehudib's Crystal Spear  Conj/Erth      26%        10d7      100%        8
 Sublimation of Blood     Necr           Unusable   N/A       N/A         2

Dungeon Overview and Level Annotations

Branches:
Dungeon (11/15)            Temple (1/1) D:6            Lair (0/5) D:11
    Orc (2/2) D:9
    Elf: Orc:2

Altars:
Ashenzari
Cheibriados
Dithmenos
Elyvilon
Fedhas
Gozag
Hepliaklqana
Kikubaaqudgha
Makhleb
Nemelex Xobeh
Okawaru
Qazlal
Ru
Sif Muna
Trog
Uskayaw
Vehumet
Wu Jian
Xom
Yredelemnul
Zin
The Shining One

Shops:
D:9 ([

Annotations:
D:2 1 runed translucent door, Crazy Yiuf, Sigmund
D:8 4 transporters


Innate Abilities, Weirdness & Mutations

You are immune to sickness and miasma.
Your stone body is resilient. (AC +8)
You are immune to poison.
You resist negative energy. (rN+)
You are resistant to electric shocks. (rElec)
You are resistant to unholy torment.
You are immune to petrification.


Message History

The water moccasin attacks as you move away!
The water moccasin closely misses you.
Casting: Sandblast (safe; 0% risk of failure)
Confirm with . or Enter, or press ? or * to list all spells.
Aiming: Sandblast (safe; 0% risk of failure)
Press: ? - help, Shift-Dir - straight line, f - water moccasin, p - cyclops
Aim: a water moccasin (76% to hit)
The blast of sand misses the water moccasin.
The blast of sand hits the bullfrog!
The bullfrog is heavily wounded.
The water moccasin closely misses you. You block the water moccasin's attack.
Casting: Sandblast (safe; 0% risk of failure)
Confirm with . or Enter, or press ? or * to list all spells.
Aiming: Sandblast (safe; 0% risk of failure)
Press: ? - help, Shift-Dir - straight line, f/p - water moccasin
Aim: a water moccasin (76% to hit)
The blast of sand hits the water moccasin!!
The water moccasin is severely wounded.
The water moccasin bites you but does no damage.
The water moccasin barely misses you. x2
Casting: Sandblast (safe; 0% risk of failure)
Confirm with . or Enter, or press ? or * to list all spells.
Aiming: Sandblast (safe; 0% risk of failure)
Press: ? - help, Shift-Dir - straight line, f/p - water moccasin
Aim: a water moccasin (severely wounded, 76% to hit)
The blast of sand hits the water moccasin!!
You kill the water moccasin!
Sif Muna accepts your kill. You block the bullfrog's attack. x2
Your Earth Magic skill increases to level 16!
Casting: Sandblast (safe; 0% risk of failure)
Confirm with . or Enter, or press ? or * to list all spells.
Aiming: Sandblast (safe; 0% risk of failure)
Press: ? - help, Shift-Dir - straight line, f - bullfrog
Aim: a bullfrog (heavily wounded, 82% to hit)
The blast of sand hits the bullfrog!!!
You kill the bullfrog!
Sif Muna accepts your kill.
The cyclops throws a large rock.
The large rock hits you!!
You die...

#.# #.#.......... #.#
##............ #.#
##............. #.#
#.........$...> #.#
#.##........... ########.#####
#.##.P.P...P... .............###
#.##....P......
########.###...####.#............
#.# ###..@†.C............. #.#
######.#####..P...P. #.# #.#
###...... #.# #># ##..P. #.# #.#
### #.# #.# #+#


You could see a cyclops.

Vanquished Creatures
  A yaktaur captain (D:10)
  Harold (D:10)
  Erolcha (D:9)
  A centaur warrior (D:10)
  An ogre mage (D:10)
  2 two-headed ogres (D:10)
  Urug (D:10)
  Pikel (D:8)
  2 cyclopes (D:10)
  Psyche (D:10)
  A gargoyle (D:10)
  2 unseen horrors (D:10)
  2 unseen horror zombies (D:9)
  2 unseen horror skeletons (D:9)
  A troll (D:10)
  A hornet (D:8)
  4 flying skulls (D:9)
  7 shadows
  10 yaks
  A vampire (D:10)
  A spriggan (D:10)
  Eustachio (D:5)
  3 wraiths
  4 wyverns
  3 steam dragons
  6 water moccasins
  Duvessa (D:6)
  An acid dragon (D:10)
  10 orc warriors
  A black bear (D:11)
  A sky beast (D:8)
  A boggart (D:10)
  5 ogres
  4 phantoms
  3 centaurs
  Blork the orc (D:5)
  3 kobold brigands
  2 lemures (D:8)
  3 bullfrogs
  4 scorpions
  A necrophage (D:7)
  A wyvern zombie (D:9)
  7 wights
  A wyvern skeleton (D:9)
  Dowan (D:6)
  23 killer bees
  8 electric eels
  A howler monkey (D:10)
  A crimson imp (D:10)
  A centaur zombie (D:9)
  5 hounds
  7 orc priests
  Jessica (D:2)
  4 centaur skeletons (D:9)
  3 iguanas
  19 orc wizards
  3 howler monkey zombies (D:9)
  10 gnolls
  5 howler monkey skeletons (D:9)
  5 adders
  4 worms
  4 dart slugs
  62 orcs
  6 endoplasms
  5 giant cockroaches
  5 goblins
  6 hobgoblins
  9 jackals
  3 quokkas
  10 ball pythons
  5 bats
  5 frilled lizards
  18 kobolds
  8 rats
358 creatures vanquished.

Vanquished Creatures (collateral kills)
  2 skeletal warriors
  A wyvern (D:10)
3 creatures vanquished.

Vanquished Creatures (others)
  48 fungi
  72 plants
120 creatures vanquished.

Grand Total: 481 creatures vanquished

Notes
Turn   | Place    | Note
-------+----------+-------------------------------------------
     0 | D:1      | malesh the Gargoyle Earth Elementalist began the quest for
                  | the Orb.
     0 | D:1      | Reached XP level 1. HP: 10/10 MP: 3/3
    67 | D:1      | Reached skill level 4 in Earth Magic
   139 | D:1      | Reached XP level 2. HP: 15/15 MP: 3/5
   142 | D:1      | Learned a level 2 spell: Passwall
   534 | D:1      | Reached XP level 3. HP: 19/19 MP: 1/6
  1073 | D:1      | Learned a level 3 spell: Stone Arrow
  1075 | D:2      | Identified the +3 ring mail of Zuhath {+Blink rPois Str+5
                  | Stlth+}
  1408 | D:2      | Noticed Jessica
  1412 | D:2      | Killed Jessica
  1413 | D:2      | Reached XP level 4. HP: 24/24 MP: 5/8
  1516 | D:2      | Reached skill level 5 in Earth Magic
  1627 | D:2      | Found a runed translucent door.
  1628 | D:2      | Noticed Crazy Yiuf
  1866 | D:2      | Noticed Sigmund
  2170 | D:2      | Found a stormy altar of Qazlal.
  2513 | D:3      | Reached XP level 5. HP: 25/28 MP: 1/9
  2937 | D:3      | Learned a level 4 spell: Petrify
  2969 | D:3      | Reached skill level 6 in Earth Magic
  3167 | D:3      | Reached XP level 6. HP: 32/32 MP: 9/11
  3689 | D:4      | Reached skill level 7 in Earth Magic
  3689 | D:4      | Reached XP level 7. HP: 36/36 MP: 8/13
  4275 | D:5      | Entered Level 5 of the Dungeon
  4342 | D:5      | Reached skill level 5 in Spellcasting
  4519 | D:5      | Noticed Eustachio
  4553 | D:5      | Killed Eustachio
  4554 | D:5      | Reached skill level 8 in Earth Magic
  4819 | D:5      | Reached XP level 8. HP: 41/41 MP: 14/16
  4839 | D:5      | Noticed Blork the orc
  4843 | D:5      | Killed Blork the orc
  5059 | D:5      | Found a sacrificial altar of Ru.
  5292 | D:5      | Reached skill level 9 in Earth Magic
  5448 | D:5      | Found a white marble altar of Elyvilon.
  5530 | D:6      | Found a staircase to the Ecumenical Temple.
  5569 | Temple   | Entered the Ecumenical Temple
  5779 | D:6      | Noticed Dowan
  5786 | D:6      | Noticed Duvessa
  5841 | D:6      | Killed Dowan
  5919 | D:6      | Killed Duvessa
  6148 | D:6      | Reached skill level 10 in Earth Magic
  6148 | D:6      | Reached XP level 9. HP: 46/46 MP: 16/19
  6475 | D:6      | Found a shimmering blue altar of Sif Muna.
  6475 | D:6      | Found an ancient bone altar of Kikubaaqudgha.
  6477 | D:6      | Found a radiant altar of Vehumet.
  6483 | D:6      | Became a worshipper of Sif Muna the Loreminder
  6491 | D:6      | Got Vehumet's Compendium of Conjuration
  6653 | D:7      | Found an ornate altar of the Wu Jian Council.
  6660 | D:7      | Learned a level 1 spell: Magic Dart
  6885 | D:7      | Found an iron altar of Okawaru.
  6949 | D:7      | Reached skill level 11 in Earth Magic
  7140 | D:7      | Reached * piety under Sif Muna
  7239 | D:7      | Found a hide-covered altar of Uskayaw.
  7613 | D:8      | Reached skill level 12 in Earth Magic
  7613 | D:8      | Reached XP level 10. HP: 47/51 MP: 17/22
  7726 | D:8      | Found a transporter.
  7727 | D:8      | Found a transporter.
  7729 | D:8      | Found a transporter.
  7729 | D:8      | Found a transporter.
  7766 | D:8      | Noticed Pikel
  7862 | D:8      | Killed Pikel
  7863 | D:8      | Reached skill level 1 in Fighting
  7987 | D:8      | You fall into a shaft and drop 1 floor!
  8145 | D:8      | Reached skill level 1 in Transmutations
  8158 | D:8      | Reached skill level 1 in Shields
  8529 | D:8      | Learned a level 4 spell: Animate Armour
  8777 | D:9      | Reached ** piety under Sif Muna
  8830 | D:9      | Reached skill level 13 in Earth Magic
  8885 | D:9      | Identified the +7 dire flail of Suireif {flame, rF+ Dex+3
                  | SInv}
  9043 | D:9      | Found Lokonga's Armour Shoppe.
  9043 | D:9      | Found a staircase to the Orcish Mines.
  9106 | D:9      | Found Cetz's Weapon Shoppe.
  9130 | D:9      | Bought a +0 cloak for 54 gold pieces
  9130 | D:9      | Bought a +2 pair of gloves for 198 gold pieces
  9185 | D:9      | Reached skill level 10 in Spellcasting
  9185 | D:9      | Reached XP level 11. HP: 50/60 MP: 14/25
  9186 | D:9      | Noticed a skeletal warrior
  9378 | D:9      | Noticed a skeletal warrior
  9404 | D:9      | Noticed Erolcha
  9460 | D:10     | Entered Level 10 of the Dungeon
  9463 | D:10     | Noticed a centaur warrior
  9622 | Orc:1    | Entered Level 1 of the Orcish Mines
  9918 | Orc:1    | Reached *** piety under Sif Muna
 10252 | Orc:2    | Entered Level 2 of the Orcish Mines
 10252 | Orc:2    | Noticed an orc knight
 10425 | D:9      | Killed Erolcha
 10831 | D:8      | Killed a skeletal warrior
 10966 | D:9      | Reached skill level 14 in Earth Magic
 11085 | D:9      | Found Cetz's Weapon Shoppe.
 11086 | D:9      | Found a staircase to the Orcish Mines.
 11087 | D:9      | Found Lokonga's Armour Shoppe.
 11125 | D:9      | Killed a skeletal warrior
 11741 | D:10     | Noticed Harold
 11990 | D:9      | Reached **** piety under Sif Muna
 12060 | D:10     | Killed Harold
 12061 | D:10     | Reached XP level 12. HP: 52/67 MP: 7/27
 12285 | D:10     | Killed a centaur warrior
 12286 | D:10     | Reached skill level 1 in Conjurations
 12418 | D:10     | Noticed a two-headed ogre
 12423 | D:10     | Killed a two-headed ogre
 12588 | D:10     | Noticed an ogre mage
 12592 | D:10     | Killed an ogre mage
 12640 | D:10     | Reached skill level 15 in Earth Magic
 12869 | D:10     | Found a stormy altar of Qazlal.
 12902 | D:10     | Noticed a two-headed ogre
 12908 | D:10     | Killed a two-headed ogre
 12997 | D:10     | Noticed a yaktaur captain
 13007 | D:10     | Killed a yaktaur captain
 13185 | D:10     | Noticed Urug
 13194 | D:10     | Killed Urug
 13629 | D:10     | Found a glowing silver altar of Zin.
 13673 | D:10     | Noticed Psyche
 13678 | D:10     | Killed Psyche
 13720 | D:10     | Found a hazy altar of Hepliaklqana.
 13721 | D:10     | Found a bloodstained altar of Trog.
 14158 | D:11     | Found a staircase to the Lair.
 14172 | D:11     | Reached skill level 16 in Earth Magic
 14172 | D:11     | Hit by a large rock thrown by a cyclops

Illustrated notes

Levels and vault maps discovered:
D:1:      eino_arrival_druids_welcome, layout_basic
D:2:      layout_basic, basic_altar, uniq_jessica, uniq_sigmund,
          uniq_crazy_yiuf_cottage
D:3:      layout_basic, grunt_decor_cap
D:4:      layout_loops_ring, minmay_fountain_box, minmay_surrounded
D:5:      layout_basic, nicolae_ru_sacrificial_ziggurat,
          mainiacjoe_overflow_alcove_2, chequers_garden, uniq_eustachio,
          uniq_blork_the_orc
D:6:      layout_loops_cross, grunt_temple_overflow_magic_moments,
          minmay_temple_entry_stoned_glass, kennysheep_generic_room_3,
          uniq_duvessa
D:7:      layout_rooms, marbit_many_paths, mainiacjoe_overflow_boulevard,
          general_overflow_altar, serial_bayou, serial_bayou_pond_e,
          serial_bayou_ford_a, serial_bayou_pond_b, serial_bayou_shore_b,
          serial_bayou_lagoon_b, serial_bayou_pond_b
D:8:      layout_rooms, nicolae_diode_quadrants, uniq_pikel
D:9:      hangedman_screamer, layout_basic, orc_david_3, uniq_erolcha
D:10:     nzn_winding_woodlands_cross [nzn_winding_woodlands_5x15_sawtooth,
          nzn_winding_woodlands_5x15_longhouse,
          nzn_winding_woodlands_5x15_pockets,
          nzn_winding_woodlands_5x15_lazy_stream,
          nzn_winding_woodlands_15x15_killbox], layout_long_grid, zin_statuary,
          lemuel_coloured_pillars_altar, minitemple, enter_bailey_7,
          hangedman_decor_growths, hangedman_stone_soup,
          amcnicky_mini_rare_corridor_liquid, uniq_harold, uniq_urug,
          uniq_psyche
D:11:     layout_roguey, due_lair_maze_entry_diamond
Temple:   nicolae_temple_bog_church
Orc:1:    layout_caves, ebering_ghost_inner_flame
Orc:2:    st_orc_town, layout_diamond_mine, serial_shops,
          nicolae_shop_temple_entry_statues_fountains, minmay_orc_temple_a

Skill      XL: |  1  2  3  4  5  6  7  8  9 10 11 12 |
---------------+-------------------------------------+-----
Earth Magic    | 4 5 6 7 8 10 12 13 14 16 | 16.0
Spellcasting   | 3 4 5 7 8 10 11 12 | 12.4
Dodging        | 2 3 4 |  4.6
Stealth        | 3 |  3.0
Fighting       | 3 4 |  4.5
Transmutations | 2 3 |  3.5
Shields        | 2 4 |  4.4
Conjurations   | 3 |  3.1
Summonings     | |  0.6

Action                     |  1- 3 |  4- 6 |  7- 9 | 10-12 || total
---------------------------+-------+-------+-------+-------++-------
  Melee: Unarmed           |     3 |       |       |       ||     3
         Flail             |       |       |     1 |       ||     1
   Cast: Sandblast         |    44 |   103 |   168 |   412 ||   727
         Stone Arrow       |       |       |     7 |    62 ||    69
         Animate Armour    |       |       |       |     6 ||     6
         Petrify           |       |       |       |     3 ||     3
    Use: Scroll            |       |       |    14 |    10 ||    24
         Potion            |       |       |       |     2 ||     2
 Armour: Robe              |     4 |    15 |    14 |     3 ||    36
         Steam dragon scal |       |       |       |   206 ||   206
  Dodge: Dodged            |    12 |    29 |    47 |   228 ||   316
  Block: Buckler           |       |       |     3 |    73 ||    76

Table legend: (Time is in decaauts)
 A = Elapsed time spent in this place.
 B = Non-inter-level travel time spent in this place.
 C = Inter-level travel time spent in this place.
 D = Time resting spent in this place.
 E = Time spent auto-exploring this place.
 F = Levels seen in this place.
 G = Mean time per level.
                   A        B        C        D        E       F      G
               +--------+--------+--------+--------+--------+-----+--------+
         Total |  14594 |  13604 |    990 |   1193 |   9771 |  14 | 1042.4 |
       Dungeon |  13819 |  12885 |    934 |   1133 |   9243 |  11 | 1256.3 |
        Temple |    132 |    115 |     17 |      0 |    107 |   1 |  132.0 |
  Orcish Mines |    642 |    604 |     38 |     60 |    421 |   2 |  321.0 |
               +--------+--------+--------+--------+--------+-----+--------+

Top non-repeatable levels by time:
     D:9: 2645 daAuts
    D:10: 2058 daAuts
     D:2: 1377 daAuts
     D:5: 1286 daAuts
     D:1: 1148 daAuts
     D:7: 1143 daAuts
     D:8: 1057 daAuts
     D:6: 1009 daAuts
     D:4: 956 daAuts
     D:3: 875 daAuts
   Orc:1: 636 daAuts
    D:11: 260 daAuts
  Temple: 132 daAuts
   Orc:2: 6 daAuts
